 Dungeon Crawl Stone Soup version 0.24-a0-201-gf205589 (webtiles) character file.

Game seed: 11422345556647194826

251 Borgoz the Cutter (level 6, 0/52 HPs)
             Began as a Ghoul Monk on Mar 23, 2019.
             Splashed by a jelly's acid (9 damage)
             ... on level 3 of the Dungeon.
             The game lasted 00:04:37 (2329 turns).

Borgoz the Cutter (Ghoul Monk)                      Turns: 2329, Time: 00:04:39

Health: 0/52       AC:  1    Str: 15    XL:     6   Next: 13%
Magic:  5/5        EV: 12    Int:  6    God:
Gold:   157        SH:  0    Dex: 12    Spells: 5/5 levels left

rFire    . . .     SeeInvis .   r - +2 dagger (venom)
rCold    + . .     Gourm    .   (no shield)
rNeg     + + +     Faith    .   m - +0 ring mail
rPois    ∞         Spirit   .   (no helmet)
rElec    .         Reflect  .   (no cloak)
rCorr    .         Harm     .   (no gloves)
MR       .....                  (no boots)
Stlth    +.........             (no amulet)
HPRegen  0.00/turn              (no ring)
MPRegen  0.09/turn              (no ring)

@: corroded, rotting
A: rotting body, claws 1, carnivore, cold resistance 1, negative energy
resistance 3, inhibited regeneration, torment resistance, unbreathing
a: no special abilities


You were on level 3 of the Dungeon.
You were not hungry.

You visited 1 branch of the dungeon, and saw 3 of its levels.

You collected 157 gold pieces.

Inventory:

Hand Weapons
 r - a +2 dagger of venom (weapon)
Armour
 d - a +2 leather armour of poison resistance
 m - a +0 ring mail (worn)
Jewellery
 t - an uncursed ring of protection from cold {unknown}
Scrolls
 e - 3 scrolls of blinking {unknown}
 f - 2 scrolls of enchant weapon {unknown}
 g - 4 scrolls of identify {unknown}
 h - 3 scrolls of remove curse {unknown}
 i - 2 scrolls of teleportation {unknown}
 j - a scroll of noise {unknown}
Potions
 a - a potion of cancellation {unknown}
 k - 2 potions of curing {unknown}
 l - 2 potions of degeneration {unknown}
 n - 2 potions of magic {unknown}
 o - a potion of mutation {unknown}
 p - a potion of agility {unknown}
 s - a potion of flight {unknown}
Comestibles
 c - 7 rations
 q - 9 chunks of flesh


   Skills:
 + Level 4.0 Fighting
 * Level 4.2 Short Blades
 * Level 2.9 Armour
 + Level 3.4 Dodging
 - Level 2.1 Stealth


You had 5 spell levels left.
You didn't know any spells.
Your spell library was empty.

Dungeon Overview and Level Annotations

Branches:
Dungeon (3/15)

Altars:
Gozag
Zin


Innate Abilities, Weirdness & Mutations

Your body is rotting away.
You thrive on raw meat.
You are immune to poison.
You have sharp fingernails.
You are carnivorous and can eat meat at any time.
Your flesh is cold resistant. (rC+)
You are immune to negative energy. (rN+++)
You do not regenerate when monsters are visible.
You are immune to unholy pain and torment.
You can survive without breathing.


Message History

You hit the jelly.
Your claws burn!
The jelly is moderately wounded.
The jelly closely misses you.
You hit the jelly but do no damage. The acid corrodes you!
Your claws burn!
The jelly is moderately wounded.
The jelly hits you.
You are splashed with acid!
* * * LOW HITPOINT WARNING * * *
You are too injured to fight recklessly!
You are too injured to fight recklessly!
Things that are here:
a +0 dagger; a kobold skeleton
There is an open door here.
You see here 15 stones.
You hit the jelly.
Your claws burn!
* * * LOW HITPOINT WARNING * * *
The jelly is heavily wounded.
The jelly hits you.
* * * LOW HITPOINT WARNING * * *
You are splashed with acid!
You die...

...........#######
............)[..>#
..################ ..#
######## ..#
#...÷÷.########## ###
#.P...J.##......##### #
#.÷....#.#.......##.# #
#..P÷..#.#........'.## #
#...÷..#.#.@.....))..# #
#P.P.PP#J#J#.....)'..# #
#....JJ#.#.#.....##..#
####
#..P.P.#.#J#....###..#
...#
#$.....##.#########.##
...# ### #..#
...#################
##.##
.##.........#.......##..#
.##.......#.# #........##


You could see a jelly and an ooze.

Vanquished Creatures
  A jelly (D:3)
  Ijyb (D:3)
  A worker ant (D:3)
  4 adders (D:3)
  7 oozes (D:3)
  A worm (D:3)
  4 dart slugs
  A leopard gecko (D:3)
  2 orcs
  2 ball pythons (D:2)
  4 bats
  3 giant cockroaches
  8 goblins
  10 hobgoblins
  6 jackals
  16 kobolds
  2 quokkas (D:3)
  4 frilled lizards
  10 rats
87 creatures vanquished.

Vanquished Creatures (others)
  10 toadstools (D:3)
10 creatures vanquished.

Grand Total: 97 creatures vanquished

Notes
Turn   | Place    | Note
-------+----------+-------------------------------------------
     0 | D:1      | Borgoz the Ghoul Monk began the quest for the Orb.
     0 | D:1      | Reached XP level 1. HP: 19/19 MP: 0/0
    71 | D:1      | Reached XP level 2. HP: 20/26 MP: 1/1
   158 | D:1      | Reached skill level 1 in Armour
   302 | D:1      | Reached XP level 3. HP: 20/31 MP: 2/2
  1145 | D:2      | Reached XP level 4. HP: 38/39 MP: 3/3
  1455 | D:3      | Found a faded altar of an unknown god.
  1463 | D:3      | Noticed Ijyb
  1491 | D:3      | Killed Ijyb
  1679 | D:3      | Reached XP level 5. HP: 43/46 MP: 4/4
  1871 | D:3      | Found an opulent altar of Gozag.
  1872 | D:3      | Found a glowing silver altar of Zin.
  2288 | D:3      | Reached XP level 6. HP: 49/52 MP: 5/5
  2329 | D:3      | Splashed by a jelly's acid

Levels and vault maps discovered:
D:1:      minmay_arrival_up_and_down, layout_rooms
D:2:      layout_loops_ring
D:3:      cheibrodos_fertilizer, layout_basic,
          grunt_temple_overflow_gold_and_silver, first_ration,
          chequers_ecumenical_altar_twisty, uniq_ijyb

Skill      XL: |  1  2  3  4  5 |
---------------+----------------+-----
Short Blades   | 3 4 |  4.2
Armour         | 1 2 |  2.9
Dodging        | 3 |  3.4
Fighting       | 4 |  4.0
Stealth        | |  2.1

Action                   |  1- 3 |  4- 6 || total
-------------------------+-------+-------++-------
Melee: Short sword       |   174 |    71 ||   245
       Dagger            |       |   135 ||   135
  Use: Potion            |       |     2 ||     2
 Stab: Sleeping          |     5 |     2 ||     7
  Eat: Chunk             |     9 |     8 ||    17
Armor: Robe              |    12 |       ||    12
       Ring mail         |    17 |    64 ||    81
Dodge: Dodged            |   103 |   105 ||   208

Table legend:
 A = Non-vault XP
 B = Vault XP
 C = Vault XP percentage of total XP
 D = Non-vault monster count
 E = Vault monster count
 F = Vault count percentage of total count
                 A         B        C        D         E       F
            +---------+---------+-------+---------+---------+-------
      Total |     220 |     139 |  38.7 |      73 |      14 |  16.1
            +---------+---------+-------+---------+---------+-------
        D:1 |      49 |       0 |   0.0 |      27 |       0 |   0.0
        D:2 |      35 |       0 |   0.0 |      19 |       0 |   0.0
        D:3 |     136 |     139 |  50.5 |      27 |      14 |  34.1
            +---------+---------+-------+---------+---------+-------
